 Dungeon Crawl Stone Soup version 0.25.1-2-g60ff931df9 (webtiles) character file.

Game seed: 9950316220644643205

27671 Johnny the Frost Mage (level 12, -4/145 HPs)
             Began as a Demigod Ice Elementalist on Sept 2, 2020.
             Slain by an ettin
             ... wielding a cursed -2 dire flail
              (24 damage)
             ... on level 15 of the Dungeon.
             The game lasted 00:28:25 (19148 turns).

Johnny the Frost Mage (Demigod Ice Elementalist)   Turns: 19148, Time: 00:28:25

Health: -4/145     AC: 30    Str: 11    XL:     12   Next: 70%
Magic:  9/30       EV:  2    Int: 27    God:
Gold:   971        SH:  6    Dex: 16    Spells: 23/31 levels left

rFire    . . .     SeeInvis .   v - +1 short sword (elec)
rCold    . . .     Gourm    .   b - +0 buckler
rNeg     + + +     Faith    .   (armour currently unavailable)
rPois    +         Spirit   .   (helmet currently unavailable)
rElec    .         Reflect  .   (cloak currently unavailable)
rCorr    .         Harm     .   (gloves currently unavailable)
MR       .....     NoTele   +   (boots currently unavailable)
Stlth    ++........             (no amulet)
HPRegen  0.34/turn              f - +4 ring of evasion
MPRegen  0.22/turn              s - +4 ring of protection

@: tree-form, vulnerable, frozen ramparts
A: high mp 1
a: no special abilities


You were on level 15 of the Dungeon.
You were not hungry.
You were a tree.
You visited 2 branches of the dungeon, and saw 16 of its levels.

You collected 971 gold pieces.

Inventory:

Hand Weapons
 v - a +1 short sword of electrocution (weapon)
 A - a +1 dagger of venom
Missiles
 l - a throwing net (quivered)
Armour
 a - a +0 robe (melded)
 b - a +0 buckler (worn)
 x - a +2 pair of gloves (melded)
 N - a +0 pair of boots (melded)
 Y - the cursed -1 helmet "Coenk" (melded) {rF+ Stlth+}
   (You found it on level 14 of the Dungeon)

   It protects you from fire.
   It makes you more stealthy.
   It has a curse placed upon it.
Magical Staves
 L - an uncursed staff of energy
Jewellery
 f - a +4 ring of evasion (left branch)
 p - an uncursed ring of positive energy
 s - a +4 ring of protection (right branch)
 w - an uncursed ring of wizardry
 I - an uncursed ring of see invisible {unknown}
 T - an uncursed ring of protection from magic {unknown}
 Z - a cursed ring of magical power {unknown}
Wands
 K - a wand of polymorph (6)
 R - a wand of digging (3)
 V - a wand of flame (4)
Scrolls
 d - 4 scrolls of enchant armour
 e - 4 scrolls of magic mapping
 h - 3 scrolls of remove curse
 i - 7 scrolls of teleportation
 m - 3 scrolls of fog
 o - 4 scrolls of amnesia
 q - 3 scrolls of noise
 y - 2 scrolls of enchant weapon
 B - 3 scrolls of immolation
 J - a scroll of blinking {unknown}
 O - a scroll of summoning {unknown}
 Q - a scroll of vulnerability
 W - a scroll of fear {unknown}
 X - a scroll of brand weapon {unknown}
Potions
 g - a potion of haste
 k - 3 potions of berserk rage
 n - 2 potions of lignification
 t - 3 potions of curing
 u - a potion of magic
 z - 2 potions of stabbing {unknown}
 D - a potion of cancellation {unknown}
 E - a potion of might {unknown}
 F - a potion of brilliance {unknown}
 G - 3 potions of flight {unknown}
 P - a potion of invisibility {unknown}
 S - a potion of mutation {unknown}
Miscellaneous
 M - a phial of floods (inert)
 U - a phantom mirror
Comestibles
 c - 23 rations


   Skills:
 - Level 6.7 Fighting
 - Level 1.7 Dodging
 - Level 1.7 Stealth
 - Level 5.6 Shields
 + Level 10.0 Spellcasting
 * Level 14.8 Ice Magic


You had 23 spell levels left.
You knew the following spells:

 Your Spells              Type           Power        Failure   Level  Hunger
a - Freeze                Ice            ####         0%          1    None
b - Frozen Ramparts       Ice            ######       1%          3    None
c - Summon Ice Beast      Ice/Summ       ######..     1%          4    None

Your spell library contained the following spells:

 Spells                   Type           Power        Failure   Level  Hunger
 Ozocubu's Armour         Chrm/Ice       ######..     1%          3    None
 Hailstorm                Conj/Ice       ######..     1%          4    None
 Ice Form                 Ice/Tmut       ######..     1%          4    None
 Animate Skeleton         Necr           N/A          4%          1    None
 Beastly Appendage        Tmut           ##....       4%          1    None
 Foxfire                  Conj/Fire      ##..         4%          1    None
 Pain                     Necr           ##..         4%          1    None
 Sticks to Snakes         Tmut           ##......     6%          2    None
 Conjure Flame            Conj/Fire      ##......     13%         3    None
 Inner Flame              Hex/Fire       ##......     13%         3    None
 Spider Form              Tmut/Pois      ##........   13%         3    None
 Vampiric Draining        Necr           ##........   13%         3    None
 Animate Dead             Necr           N/A          38%         4    None
 Sticky Flame             Conj/Fire      ##......     38%         4    None
 Agony                    Necr           ##......     75%         5    ####...
 Blade Hands              Tmut           ##........   75%         5    ####...
 Fireball                 Conj/Fire      ##........   75%         5    ####...


Dungeon Overview and Level Annotations

Branches:
Dungeon (15/15)            Temple (1/1) D:4            Lair (0/6) D:8
    Orc (0/2) D:9          Vaults (0/5) D:13
 Depths: D:15

Shops:
D:10 %   D:15 [

Portals:
Trove: D:14 (give +2 fire dragon scales)

Annotations:
D:10 1 runed translucent door, exclusion: ice statue
D:13 2 transporters, Dirphi Vium's ghost, journeyman MiBe
D:14 1 runed translucent door, Hyut's ghost, journeyman FoFi
D:15 2 transporters, Hitiduu's ghost, journeyman GrFi


Innate Abilities, Weirdness & Mutations

You have an increased reservoir of magic. (+10% MP)


Message History

The arrow closely misses your ice beast.
The arrow hits you but does no damage.
Your ice beast hits the deep elf archer but does no damage.
Okay, then.
Okay, then.
Okay, then.
As you read the scroll labeled RUF ZITOMMUR, it crumbles to dust.
Magic quickly surges around you.
It was a scroll of vulnerability.
The wall freezes the ettin!
The ettin hits you with a cursed -2 dire flail.
* * * LOW HITPOINT WARNING * * *
The ettin hits you but does no damage.
Okay, then.
Evoke which item? (* to show all) (? for menu, Esc to quit)
Aiming: Polymorph
Press: ? - help, Shift-Dir - straight line, f - ettin, p - deep elf archer
Aim: an ettin, wielding a -2 dire flail and a -3 great mace (heavily wounded, susceptible to hostile enchantments, chance to defeat MR: 46%)
The ettin resists with some effort.
The wall freezes the ettin.
The ettin hits you with a cursed -2 dire flail!!
You die...

..................
.................
.......... ......
......... .....
......... ....
###........ ....
#R......... ....
####e## . .
#)♣YY.#... .
#C###....... .
#.○R..#..... .
#.####.###.. . #.#
#. . . #.# .# .
..# # . .#. . .. #
.


You could see an ettin (vulnerable), a deep elf archer (repels missiles,
vulnerable) and 2 friendly ice beasts.

Vanquished Creatures
  2 vault guards (D:13)
  A centaur warrior (D:15)
  Erica (D:11)
  3 two-headed ogres
  A tengu warrior (D:15)
  3 unseen horrors
  An orc knight (D:13)
  2 ugly things (D:14)
  An orc sorcerer (D:15)
  Psyche (D:9)
  3 centaur skeletons
  A freezing wraith (D:15)
  A tengu conjurer (D:13)
  An efreet (D:15)
  3 trolls
  5 hippogriffs
  A shadow (D:12)
  A spriggan (D:7)
  A wraith (D:14)
  3 yaks (D:9)
  3 vampire mosquitoes (D:12)
  A water moccasin (D:12)
  2 orc warriors
  3 ice beasts
  2 sky beasts
  2 necrophages
  A swamp drake (D:15)
  16 centaurs
  7 ogres
  4 big kobolds
  Blork the orc (D:4)
  5 bullfrogs
  A gnoll sergeant (D:10)
  A wyvern skeleton (D:10)
  3 scorpions
  16 killer bees
  2 electric eels (D:7)
  7 wights
  A howler monkey (D:11)
  7 crimson imps
  A centaur zombie (D:7)
  A bullfrog zombie (D:12)
  A jelly (D:6)
  5 hounds
  7 orc priests
  A bullfrog skeleton (D:13)
  An iguana (D:5)
  11 orc wizards
  5 worker ants
  A hound skeleton (D:6)
  8 gnolls
  A howler monkey skeleton (D:11)
  16 adders
  4 shadow imps
  An ooze (D:1)
  2 adder zombies
  2 adder skeletons
  2 worms (D:2)
  3 dart slugs
  3 leopard geckos
  38 orcs
  4 bats
  3 giant cockroaches
  9 goblins
  5 hobgoblins
  14 jackals
  2 quokkas
  2 ball pythons
  6 frilled lizards
  A jackal zombie (D:6)
  18 kobolds
  7 rats
306 creatures vanquished.

Vanquished Creatures (collateral kills)
  2 vault guards (D:13)
  2 hydras
  A rakshasa (D:14)
  A centaur warrior (D:15)
  An ogre mage (D:13)
  2 two-headed ogres
  Sonja (D:11)
  3 skeletal warriors (D:14)
  A phantasmal warrior (D:15)
  4 ugly things
  2 cyclopes
  2 gargoyles
  2 centaur skeletons
  A redback zombie (D:15)
  2 trolls
  A hippogriff (D:11)
  A wyvern (D:10)
  A shadow (D:14)
  2 yaks (D:9)
  A vampire mosquito (D:12)
  2 ice beasts
  A necrophage (D:12)
  2 orc warriors (D:13)
  A phantom (D:6)
  An ogre (D:11)
  4 centaurs
  A big kobold (D:11)
  A wyvern zombie (D:12)
  A scorpion (D:10)
  A killer bee (D:8)
  A wight (D:7)
  3 hounds
  A jelly (D:15)
  A worker ant (D:12)
  5 gnolls (D:10)
  A shadow imp (D:8)
60 creatures vanquished.

Vanquished Creatures (others)
  A centaur (D:11)
1 creature vanquished.

Grand Total: 367 creatures vanquished

Notes
Turn   | Place    | Note
-------+----------+-------------------------------------------
     0 | D:1      | Johnny the Demigod Ice Elementalist began the quest for the
                  | Orb.
     0 | D:1      | Reached XP level 1. HP: 14/14 MP: 5/5
   305 | D:2      | Reached skill level 4 in Ice Magic
   305 | D:2      | Reached XP level 2. HP: 10/20 MP: 1/7
  1052 | D:1      | Reached XP level 3. HP: 26/26 MP: 6/9
  1358 | D:2      | Found a faded altar of an unknown god.
  1943 | D:2      | Reached XP level 4. HP: 33/33 MP: 8/10
  2113 | D:2      | Found a blossoming altar of Fedhas.
  2183 | D:2      | Found an ornate altar of the Wu Jian Council.
  2533 | D:3      | Learned a level 3 spell: Frozen Ramparts
  2675 | D:3      | Reached skill level 5 in Ice Magic
  2696 | D:3      | Noticed a necrophage
  2734 | D:3      | Killed a necrophage
  2734 | D:3      | Reached XP level 5. HP: 35/37 MP: 3/12
  3309 | D:4      | Found a staircase to the Ecumenical Temple.
  3733 | D:4      | Reached skill level 6 in Ice Magic
  3733 | D:4      | Reached XP level 6. HP: 45/45 MP: 10/14
  3865 | D:4      | Reached skill level 1 in Fighting
  4017 | D:4      | Found a hazy altar of Hepliaklqana.
  4017 | D:4      | Found an ancient bone altar of Kikubaaqudgha.
  4091 | D:4      | Noticed Blork the orc
  4097 | D:4      | Killed Blork the orc
  4232 | D:4      | Found a shattered altar of Ashenzari.
  4343 | D:4      | Reached XP level 7. HP: 38/52 MP: 8/16
  4704 | Temple   | Entered the Ecumenical Temple
  4716 | D:5      | Entered Level 5 of the Dungeon
  4823 | D:5      | Found a white marble altar of Elyvilon.
  4826 | D:5      | Found a burning altar of Makhleb.
  4829 | D:5      | Found a radiant altar of Vehumet.
  4859 | D:5      | Reached skill level 7 in Ice Magic
  5759 | D:6      | Noticed a hippogriff
  5765 | D:6      | Killed a hippogriff
  5905 | D:6      | Reached XP level 8. HP: 58/63 MP: 18/18
  6051 | D:6      | Reached skill level 8 in Ice Magic
  6068 | D:6      | Learned a level 4 spell: Summon Ice Beast
  6224 | D:6      | Reached skill level 5 in Spellcasting
  6415 | D:6      | Found a stormy altar of Qazlal.
  7510 | D:7      | Reached skill level 9 in Ice Magic
  7731 | D:7      | Found an opulent altar of Gozag.
  7732 | D:7      | Found a sparkling altar of Nemelex Xobeh.
  7767 | D:7      | Reached XP level 9. HP: 29/72 MP: 13/21
  8572 | D:8      | Found a staircase to the Lair.
  8670 | D:8      | Reached skill level 5 in Fighting
  8930 | D:8      | Reached skill level 10 in Ice Magic
  9057 | D:8      | Found a shimmering blue altar of Sif Muna.
  9407 | D:9      | Noticed Psyche
  9417 | D:9      | Killed Psyche
  9598 | D:9      | Found a shimmering altar of Xom.
  9706 | D:9      | Reached XP level 10. HP: 83/83 MP: 13/24
  9794 | D:9      | Found a staircase to the Orcish Mines.
 10328 | D:10     | Entered Level 10 of the Dungeon
 10826 | D:10     | Found Huupao's Food Shop.
 10971 | D:10     | Found a runed translucent door.
 10971 | D:10     | Found a glowing golden altar of the Shining One.
 10971 | D:10     | Noticed an angel
 11073 | D:10     | Reached skill level 11 in Ice Magic
 11854 | D:10     | Noticed an ice statue
 12022 | D:11     | Noticed Sonja
 12049 | D:11     | Killed Sonja
 12049 | D:11     | Reached skill level 1 in Shields
 12610 | D:11     | Noticed Erica
 12628 | D:11     | Killed Erica
 12779 | D:11     | Killed an unseen horror
 13763 | D:12     | Reached XP level 11. HP: 74/91 MP: 22/26
 14302 | D:12     | Reached skill level 12 in Ice Magic
 14762 | D:12     | Noticed a four-headed hydra
 14772 | D:12     | Killed a four-headed hydra
 14908 | D:12     | Noticed a two-headed ogre
 14916 | D:12     | Reached skill level 5 in Shields
 14920 | D:12     | Killed a two-headed ogre
 14988 | D:12     | Killed an unseen horror
 15489 | D:13     | Killed an unseen horror
 15927 | D:13     | Noticed a necromancer
 15928 | D:13     | Noticed a vampire knight
 15929 | D:13     | Found a transporter.
 15929 | D:13     | Noticed Dirphi Vium's ghost (journeyman MiBe)
 15929 | D:13     | Noticed a skeletal warrior
 15930 | D:13     | Noticed a skeletal warrior
 15931 | D:13     | Noticed a death knight
 15932 | D:13     | Found a transporter.
 15932 | D:13     | Noticed a skeletal warrior
 16063 | D:13     | Noticed a two-headed ogre
 16071 | D:13     | Killed a two-headed ogre
 16195 | D:13     | Noticed an orc knight
 16200 | D:13     | Noticed a vault guard
 16337 | D:13     | Killed an orc knight
 16348 | D:13     | Noticed an ogre mage
 16348 | D:13     | Reached skill level 13 in Ice Magic
 16353 | D:13     | Killed an ogre mage
 16445 | D:13     | Noticed a vault guard
 16459 | D:13     | Killed a vault guard
 17000 | D:13     | Noticed a two-headed ogre
 17011 | D:13     | Killed a two-headed ogre
 17095 | D:13     | Noticed a vault guard
 17098 | D:13     | Noticed a vault guard
 17103 | D:13     | Killed a vault guard
 17114 | D:13     | Killed a vault guard
 17114 | D:13     | Reached XP level 12. HP: 97/97 MP: 9/29
 17120 | D:13     | Killed a vault guard
 17192 | D:13     | Found a gate to the Vaults.
 17610 | D:14     | Noticed a rakshasa
 17646 | D:14     | Killed a rakshasa
 17646 | D:14     | Reached skill level 14 in Ice Magic
 17823 | D:14     | Found a portal to a secret trove of treasure.
 17918 | D:14     | Found a runed translucent door.
 18010 | D:14     | Noticed Hyut's ghost (journeyman FoFi)
 18010 | D:14     | Noticed an ettin
 18056 | D:14     | Got a faintly humming helmet
 18067 | D:14     | Identified the cursed -1 helmet "Coenk" {rF+ Stlth+} (You
                  | found it on level 14 of the Dungeon)
 18362 | D:15     | Entered Level 15 of the Dungeon
 18370 | D:15     | Found Nigg's Armour Emporium.
 18380 | D:15     | Noticed a centaur warrior
 18527 | D:15     | Noticed a seven-headed hydra
 18540 | D:15     | Killed a seven-headed hydra
 18767 | D:15     | Killed a centaur warrior
 18900 | D:15     | Found a transporter.
 18905 | D:15     | Noticed Hitiduu's ghost (journeyman GrFi)
 19038 | D:15     | Found a transporter.
 19070 | D:15     | Noticed a death knight
 19116 | D:15     | Noticed a centaur warrior
 19125 | D:15     | Reached skill level 10 in Spellcasting
 19128 | D:15     | Killed a centaur warrior
 19137 | D:15     | Noticed an ettin
 19144 | D:15     | HP: 6/145 [ettin/cursed -2 dire flail (19)]
 19148 | D:15     | Slain by an ettin

Illustrated notes

Levels and vault maps discovered:
D:1:      ncdulo_halloftheorcs, layout_basic, minmay_stone_trees_medium
D:2:      layout_rooms, nicolae_overflow_hidden_temple,
          chequers_ecumenical_altar_simple, fedhas_ov_isle_minmay
D:3:      layout_loops_ring, st_stairs_5
D:4:      layout_loops_cross, overflow_temple_1_default,
          gammafunk_temple_overflow_wave, minmay_temple_entry_junction_2,
          uniq_blork_the_orc
D:5:      layout_loops_corners, grunt_temple_overflow_diamond, first_ration,
          kennysheep_small_circle
D:6:      layout_basic, grunt_qazlal_sundering
D:7:      layout_loops_corners, grunt_temple_overflow_opulence, serial_rivers,
          chequers_serial_rivers_micro_a, chequers_serial_rivers_micro_e,
          chequers_serial_rivers_small_3, chequers_serial_rivers_micro_e,
          chequers_serial_rivers_micro_d, chequers_serial_rivers_marsh,
          the_bakery, serial_bayou_lagoon_b
D:8:      layout_basic, lemuel_round_altar, lair_entry_dummy,
          hangedman_abyss_or_decor_clamps
D:9:      layout_irregular_city, nicolae_overflow_crystal_walls, orc_0_dummy,
          serial_column_ruins, column_ruins_hut_ruined, column_ruins_open_tiny,
          column_ruins_open_tiny, column_ruins_grid_2,
          column_ruins_columns_dead_end, uniq_psyche
D:10:     minmay_statue_hallways, layout_irregular_city, serial_shops, shop,
          serial_column_ruins, column_ruins_corridor_plus,
          column_ruins_open_small, column_ruins_open_small,
          column_ruins_open_tiny, column_ruins_grid_3, lemuel_angel_altar
D:11:     layout_loops_corners, uniq_sonja, uniq_erica
D:12:     layout_rooms
D:13:     layout_irregular_city, grunt_vaults_entry_fortified,
          gammafunk_ghost_mausoleum
D:14:     layout_cave_pools, minivault_24, ebering_ghost_inner_flame,
          enter_trove_2
D:15:     hangedman_depths_entry_civil_slaughter, layout_cave_pools,
          minmay_misc_feat_rows, gammafunk_ghost_stat_death, serial_shops, shop
Temple:   eino_temple_lava

Skill      XL: |  1  2  3  4  5  6  7  8  9 10 11 12 |
---------------+-------------------------------------+-----
Spellcasting   | 2 3 4 5 6 7 9 10 | 10.0
Ice Magic      | 4 5 6 7 9 10 11 13 14 | 14.8
Fighting       | 1 3 4 6 |  6.7
Shields        | 3 5 |  5.6
Dodging        | |  1.7
Stealth        | |  1.7

Action                   |  1- 3 |  4- 6 |  7- 9 | 10-12 || total
-------------------------+-------+-------+-------+-------++-------
Melee: Unarmed           |    22 |    47 |       |       ||    69
       Short sword       |       |    26 |    83 |   233 ||   342
       Dagger            |       |       |   150 |       ||   150
Throw: Throwing net      |       |       |       |     1 ||     1
 Cast: Freeze            |    63 |    45 |    11 |    19 ||   138
       Frozen Ramparts   |       |    12 |    31 |    64 ||   107
       Summon Ice Beast  |       |       |    16 |   139 ||   155
Evoke: Wand              |       |       |    10 |    42 ||    52
       Box of beasts     |       |       |       |     2 ||     2
       Phial of floods   |       |       |       |     1 ||     1
  Use: Scroll            |       |       |     5 |    13 ||    18
       Potion            |       |       |     1 |     5 ||     6
 Stab: Sleeping          |     1 |     4 |     4 |     7 ||    16
       Distracted        |       |     1 |     2 |     3 ||     6
  Eat: Chunk             |     3 |     9 |    19 |    25 ||    56
       Ration            |       |       |       |     3 ||     3
Armor: Robe              |    20 |    24 |    68 |    71 ||   183
       Skin              |       |       |       |     7 ||     7
Dodge: Dodged            |    51 |   102 |   211 |   241 ||   605
Block: Buckler           |       |       |       |    76 ||    76
